 Dungeon Crawl Stone Soup version 0.30-a0-122-g2a1322497e (webtiles) character file.

Game seed: 7931942095466615972

651 Pooter the Trooper (level 7, -1/66 HPs)
             Began as a Minotaur Monk on Sept 16, 2022.
             Was a Believer of Makhleb.
             Slain by an ice beast (12 damage)
             ... on level 5 of the Dungeon.
             The game lasted 00:26:43 (4946 turns).

Pooter the Trooper (Minotaur Monk)                  Turns: 4946, Time: 00:26:44

Health: -1/66      AC:  9    Str: 18    XL:     7   Next: 28%
Magic:  6/6        EV: 13    Int:  7    God:    Makhleb [**....]
Gold:   334        SH:  0    Dex: 12    Spells: 6/6 levels left

rFire   . . .      SeeInvis .    a - +0 quarterstaff
rCold   . . .      Faith    .    (shield currently unavailable)
rNeg    . . .      Spirit   .    b - +0 robe
rPois   .          Reflect  .    (helmet restricted)
rElec   .          Harm     .    (no cloak)
rCorr   .          Rampage  .    w - +0 pair of gloves
Will    .....                    n - +1 pair of boots
Stlth   +.........               (no amulet)
HPRegen 0.21/turn                s - +4 ring of protection
MPRegen 0.10/turn                (no ring)

@: confused, ambrosia-drunk
A: horns 2, retaliatory headbutt
a: Renounce Religion, Minor Destruction


You were on level 5 of the Dungeon.
You worshipped Makhleb.
Makhleb was pleased with you.
You visited 1 branch of the dungeon, and saw 6 of its levels.
You also visited: Sewer.

You collected 334 gold pieces.

Inventory:

Hand Weapons
 a - a +0 quarterstaff (weapon)
   (You found it on level 3 of the Dungeon)
 A - a +1 dagger of draining
   (You took it off a goblin on level 2 of the Dungeon)
 D - a +0 hand axe
Missiles
 p - 2 javelins (quivered)
 C - 4 poisoned darts
 H - 5 silver javelins
 J - 2 boomerangs
 Q - 30 stones
Armour
 b - a +0 robe (worn)
 n - a +1 pair of boots (worn)
   (You found it on level 5 of the Dungeon)
 w - a +0 pair of gloves (worn)
   (You found it on level 2 of the Dungeon)
Jewellery
 s - a +4 ring of protection (left hand)
   (You found it on level 5 of the Dungeon)
 u - a +6 ring of intelligence
   (You found it on level 2 of the Dungeon)
Wands
 f - a wand of flame (16)
   (You took it off Natasha on level 3 of the Dungeon)
 i - a wand of polymorph (10)
   (You found it on level 4 of the Dungeon)
Scrolls
 d - 4 scrolls of enchant weapon
 g - a scroll of summoning {unknown}
 j - 2 scrolls of amnesia
 k - 2 scrolls of magic mapping {unknown}
 l - a scroll of fog {unknown}
 m - a scroll of enchant armour {unknown}
 o - 2 scrolls of blinking
 r - 5 scrolls of fear {unknown}
 y - a scroll of brand weapon
 E - a scroll of immolation {unknown}
 G - a scroll of teleportation {unknown}
Potions
 e - a potion of haste {unknown}
 h - 3 potions of brilliance {unknown}
 q - 2 potions of heal wounds {unknown}
 t - 2 potions of might {unknown}
 v - 2 potions of degeneration {unknown}
 x - 2 potions of lignification {unknown}
 z - 2 potions of mutation {unknown}
 B - a potion of experience {unknown}
 F - a potion of attraction {unknown}
 I - 4 potions of curing {@q1}


   Skills:
 * Level 7.0 Fighting
 + Level 5.5 Axes
 + Level 5.0 Dodging
 + Level 3.4 Stealth
 + Level 0.4 Invocations
 + Level 0.3 Evocations


You had 6 spell levels left.
You didn't know any spells.
Your spell library contained the following spells:

 Spells                   Type           Power      Damage    Failure   Level
 Cigotuvi's Dreadful Rot  Necr/Pois/Air  0%         N/A       56%         2
 Poisonous Vapours        Pois/Air       0%         N/A       56%         2
 Ozocubu's Armour         Ice            0%         N/A       80%         3
 Freezing Cloud           Conj/Ice/Air   0%         6-21      100%        5
 Simulacrum               Ice/Necr       0%         N/A       100%        6
 Ozocubu's Refrigeration  Ice            0%         4d7       100%        7
 Polar Vortex             Ice            0%         N/A       100%        9


Dungeon Overview and Level Annotations

Branches:
Dungeon (6/15)             Temple (0/1) D:4           Sewer (visited)

Altars:
Kikubaaqudgha
Makhleb
Okawaru
Trog
Vehumet
The Shining One

Shops:
D:4 [


Innate Abilities, Weirdness & Mutations

You have a pair of horns on your head.
You reflexively headbutt those who attack you in melee.


Message History

You hit the ice beast. The ice beast closely misses you.
You furiously retaliate!
You headbutt the ice beast, but do no damage.
The ice beast hits you. The ice beast freezes you!
You closely miss the ice beast. The ice beast hits you.
The ice beast freezes you!
You sock the ice beast!
You kill the ice beast!
Makhleb accepts your kill.
You feel better.
Your Fighting skill increases to level 7!
Your Dodging skill increases to level 5!
You see here a +0 mace.
Found a stone staircase leading down.
Done exploring.
There is a stone staircase leading down here.
You climb downwards.
There is a stone staircase leading up here.
You see here a +0 pair of boots.
Found a scroll labelled KOUZAOMU WIFANT.
An iguana comes into view.
The iguana hisses angrily.
The helpless ice beast fails to defend itself.
You sock the ice beast! The ice beast hits you. The ice beast freezes you.
The ice beast hits you but does no damage.
You hit the ice beast but do no damage. You headbutt the ice beast.
The ice beast hits you. The ice beast freezes you!
You hit the ice beast.
You headbutt the ice beast, but do no damage.
The iguana bites you but does no damage.
The ice beast hits you but does no damage.
You thump the ice beast! Your headbutt misses the ice beast.
The iguana bites you. The ice beast hits you. The ice beast freezes you.
The ice beast hits you. The ice beast freezes you!
* * * LOW HITPOINT WARNING * * *
The iguana completely misses you.
Aim: an iguana The zap hits the iguana.
The iguana bites you!
* * * LOW HITPOINT WARNING * * *
The ice beast misses you.
You hit the iguana but do no damage. The iguana barely misses you.
The ice beast hits you.
* * * LOW HITPOINT WARNING * * *
The ice beast freezes you.
* * * LOW HITPOINT WARNING * * *
You are confused.
You feel invigorated. The iguana barely misses you. The ice beast hits you.
* * * LOW HITPOINT WARNING * * *
The ice beast freezes you!
You die...

....#..#.#.#
#...#..#.#.#
#..........# .#
.......?..# .....#.
#........# .....#.#
#........# #####.#.#.#
#...lY...#
........#.####..@....#
........#............#
.....................#
.....................#
..............##.#####
..............##.#
..............##.#
..............##.#
..............#


You could see an ice beast and an iguana.

Vanquished Creatures
  Pargi (Sewer)
  An ice beast (D:4)
  A phantom (D:4)
  A crimson imp (D:6)
  A hound (D:5)
  3 iguanas
  Natasha (thrice) (D:3)
  7 adders
  An ufetubus (D:4)
  2 worms (D:3)
  4 dart slugs
  6 bats
  10 endoplasms
  2 giant cockroaches
  7 goblins
  8 hobgoblins
  3 jackals (D:2)
  9 quokkas
  8 ball pythons
  7 frilled lizards
  A goblin skeleton (D:6)
  A goblin zombie (D:6)
  8 kobolds
  2 kobold skeletons (D:6)
  A kobold zombie (D:6)
  2 orc skeletons (D:6)
  An orc zombie (D:6)
  8 rats
109 creatures vanquished.

Vanquished Creatures (others)
  5 fungi (D:5)
  A plant (D:1)
6 creatures vanquished.

Grand Total: 115 creatures vanquished

Notes
Turn   | Place    | Note
-------+----------+-------------------------------------------
     0 | D:1      | Pooter the Minotaur Monk began the quest for the Orb.
     0 | D:1      | Reached XP level 1. HP: 19/19 MP: 0/0
   153 | D:1      | Reached XP level 2. HP: 16/27 MP: 1/1
   284 | D:1      | Reached skill level 4 in Fighting
  1008 | D:2      | Reached XP level 3. HP: 29/34 MP: 2/2
  1071 | D:2      | Found a faded altar of an unknown god.
  1744 | D:2      | Reached XP level 4. HP: 41/41 MP: 3/3
  2307 | D:3      | Reached skill level 5 in Fighting
  2395 | D:3      | You fall into a shaft and drop 3 floors!
  2397 | D:6      | Found a glowing golden altar of the Shining One.
  2408 | D:6      | Reached XP level 5. HP: 46/48 MP: 4/4
  2463 | D:6      | Found an ancient bone altar of Kikubaaqudgha.
  2535 | D:6      | Found a glowing drain.
  2559 | Sewer    | Entered a sewer
  2681 | Sewer    | Noticed Pargi
  2710 | Sewer    | Killed Pargi
  2711 | Sewer    | Reached skill level 6 in Fighting
  2711 | Sewer    | Reached XP level 6. HP: 10/57 MP: 5/5
  3300 | D:5      | Entered Level 5 of the Dungeon
  3390 | D:5      | Found a radiant altar of Vehumet.
  3413 | D:5      | Reached skill level 5 in Axes
  3569 | D:5      | Noticed an ice beast
  3580 | D:5      | Found a bloodstained altar of Trog.
  3819 | D:4      | Found Gouck's Antique Armour Emporium.
  3849 | D:4      | Found a burning altar of Makhleb.
  3867 | D:4      | Became a worshipper of Makhleb the Destroyer
  3867 | D:4      | Reached * piety under Makhleb
  3867 | D:4      | Reached ** piety under Makhleb
  3939 | D:4      | Found a staircase to the Ecumenical Temple.
  4236 | D:3      | Noticed Natasha
  4239 | D:3      | Killed Natasha
  4268 | D:3      | Noticed Natasha
  4282 | D:3      | Killed Natasha
  4303 | D:3      | Noticed Natasha
  4310 | D:3      | Killed Natasha
  4434 | D:4      | Found an iron altar of Okawaru.
  4447 | D:4      | Reached XP level 7. HP: 61/64 MP: 6/6
  4701 | D:4      | Reached skill level 7 in Fighting
  4701 | D:4      | Reached skill level 5 in Dodging
  4946 | D:5      | Slain by an ice beast

Illustrated notes

Levels and vault maps discovered:
D:1:      ncdulo_smallfort, layout_rooms, serial_forest,
          infiniplex_forest_straight_4, infiniplex_forest_clump_double,
          infiniplex_forest_lined_room_, infiniplex_forest_lined_room_2,
          infiniplex_forest_clump_long, minmay_splitting_lines
D:2:      layout_basic, hellmonk_ecumenical_altar_pennies_from_heaven
D:3:      layout_basic, st_stairs_10, uniq_natasha
D:4:      layout_loops_ring, mainiacjoe_overflow_small_starburst,
          amcnicky_altar_gilded, minmay_temple_entry_drinking_statues,
          serial_shops, nicolae_shop_temple_entry_statues_fountains,
          minivault_26
D:5:      layout_basic, mainiacjoe_overflow_boulevard, lemuel_doored_altar,
          overflow_temple_1_default, nicolae_qazlal_eye_of_the_storm
D:6:      layout_basic, nicolae_tso_besieged_by_evil, lemuel_round_altar,
          nicolae_dithmenos_the_darkroom, portal_sewer_entry_f

Skill      XL: |  1  2  3  4  5  6  7 |
---------------+----------------------+-----
Fighting       | 4 5 6 7 |  7.0
Stealth        | 2 3 |  3.4
Axes           | 4 5 |  5.5
Dodging        | 4 5 |  5.0
Invocations    | |  0.4
Evocations     | |  0.3

Action                   |  1- 3 |  4- 6 |  7- 9 || total
-------------------------+-------+-------+-------++-------
Melee: Hand axe          |    70 |    12 |       ||    82
       Headbutt          |    18 |    15 |     3 ||    36
       Punch             |     1 |       |       ||     1
       Dagger            |       |    18 |       ||    18
       Quarterstaff      |       |   107 |    27 ||   134
Throw: Stone             |     6 |    19 |       ||    25
       Javelin           |       |    12 |       ||    12
Invok: Minor Destruction |       |       |     1 ||     1
  Use: Scroll            |     3 |     4 |     1 ||     8
       Potion            |       |       |     1 ||     1
 Stab: Sleeping          |     4 |     8 |     1 ||    13
Armor: Robe              |     6 |    27 |    15 ||    48
Dodge: Dodged            |    48 |    96 |    24 ||   168

Table legend: (Time is in decaauts)
 A = Elapsed time spent in this place.
 B = Non-inter-level travel time spent in this place.
 C = Inter-level travel time spent in this place.
 D = Time resting spent in this place.
 E = Time spent auto-exploring this place.
 F = Levels seen in this place.
 G = Mean time per level.
                   A        B        C        D        E       F      G
               +--------+--------+--------+--------+--------+-----+--------+
         Total |   5063 |   5004 |     59 |    833 |   2555 |   7 |  723.3 |
       Dungeon |   4332 |   4273 |     59 |    337 |   2490 |   6 |  722.0 |
         Sewer |    730 |    730 |      0 |    496 |     64 |   1 |  730.0 |
               +--------+--------+--------+--------+--------+-----+--------+

Top non-repeatable levels by time:
     D:2: 1077 daAuts
     D:1: 935 daAuts
     D:3: 799 daAuts
     D:4: 794 daAuts
   Sewer: 730 daAuts
     D:5: 484 daAuts
     D:6: 241 daAuts
